 Dungeon Crawl Stone Soup version 0.22-a0-293-gc9362ec (webtiles) character file.

12875 tilp the Impaler (level 12, -3/81 HPs)
             Began as a Merfolk Ice Elementalist on Mar 24, 2018.
             Was an Elder of Makhleb.
             Slain by a 17-headed hydra (4 damage)
             ... on level 3 of the Lair of Beasts.
             The game lasted 00:40:10 (14021 turns).

tilp the Impaler (Merfolk Ice Elementalist)        Turns: 14021, Time: 00:40:11

Health: -3/81      AC: 37    Str: 15    XL:     12   Next: 0%
Magic:  15/15      EV:  9    Int: 18    God:    Makhleb [****..]
Gold:   662        SH:  0    Dex: 15    Spells: 9/15 levels left

rFire    . . .     SeeInvis .   P - +0 glaive
rCold    . . .     Gourm    .   (shield currently unavailable)
rNeg     . . .     Faith    .   k - +27 Lear's hauberk
rPois    .         Spirit   .   (helmet currently unavailable)
rElec    .         Reflect  .   (no cloak)
rCorr    .         Harm     .   (gloves currently unavailable)
MR       .....                  (boots currently unavailable)
Stlth    ..........             q - amulet of rage
HPRegen  0.23/turn              d - +1 ring of protection
MPRegen  0.14/turn              C - +6 ring of strength

@: no status effects
A: change form in water, swift swim, stealthy swim
a: Minor Destruction, Lesser Servant of Makhleb, Major Destruction, Renounce
Religion, Evoke Berserk Rage


You were on level 3 of the Lair of Beasts.
You worshipped Makhleb.
Makhleb was greatly pleased with you.
You were not hungry.

You visited 2 branches of the dungeon, and saw 14 of its levels.

You collected 662 gold pieces.

Inventory:

Hand Weapons
 b - a +0 hunting sling
 g - a +1 trident
 o - a +0 halberd
 y - a +0 spear
 J - a +2 dagger of venom
 P - a +0 glaive (weapon)
Missiles
 h - 372 stones
 n - 10 tomahawks (quivered)
 r - 148 sling bullets
 O - 3 tomahawks of returning
 V - 7 javelins
Armour
 a - a +0 robe
 k - the +27 Lear's hauberk (worn)
   (You acquired it on level 7 of the Dungeon)
 u - a +0 helmet
 B - a +0 pair of gloves
 M - the cursed +0 scale mail of Surprise {Str+2, unknown}
   (You found it on level 3 of the Lair of Beasts)

   It affects your strength (+2).
   It has a curse placed upon it.
 R - a +1 pair of gloves
Jewellery
 d - a +1 ring of protection (left hand)
 q - an amulet of rage (around neck)
 x - an uncursed ring of positive energy {unknown}
 C - a +6 ring of strength (right hand)
 W - an uncursed amulet of the gourmand {unknown}
 X - an uncursed ring of magical power {unknown}
Wands
 s - a wand of paralysis (13)
 D - a wand of enslavement (12)
 F - a wand of iceblast (8)
Scrolls
 e - 2 scrolls of teleportation
 f - 2 scrolls of enchant weapon
 i - a scroll of blinking
 j - 6 scrolls of remove curse
 l - 9 scrolls of amnesia
 K - a scroll of silence {unknown}
 S - a scroll of enchant armour {unknown}
 U - 2 scrolls of fog {unknown}
 Y - a scroll of magic mapping {unknown}
Potions
 m - a potion of flight
 p - 2 potions of agility
 t - a potion of magic
 v - 2 potions of ambrosia {unknown}
 w - a potion of mutation {unknown}
 z - a potion of invisibility {unknown}
 A - a potion of brilliance {unknown}
 E - 4 potions of curing
 G - 2 potions of haste
 H - a potion of cancellation {unknown}
 I - 3 potions of heal wounds {unknown}
 L - a potion of might {unknown}
 N - a potion of resistance {unknown}
 T - 2 potions of berserk rage {unknown}
Comestibles
 c - 18 rations
 Z - a chunk of flesh


   Skills:
 - Level 3.0 Fighting
 - Level 20.0 Polearms
 + Level 3.9 Armour
 - Level 5.2 Dodging
 - Level 2.1 Stealth
 - Level 2.0 Spellcasting
 - Level 0.7 Conjurations
 - Level 7.3 Ice Magic
 - Level 4.6 Evocations


You had 9 spell levels left.
You knew the following spells:

 Your Spells              Type           Power        Failure   Level  Hunger
a - Freeze                Ice            ####         17%         1    #......
b - Throw Frost           Conj/Ice       ###...       69%         2    ###....
c - Ozocubu's Armour      Chrm/Ice       ##......     92%         3    ###....


Dungeon Overview and Level Annotations

Branches:
Dungeon (11/15)            Temple (0/1) D:5            Lair (3/6) D:10
 Spider (0/4) Lair:2
  Swamp: Lair:2-4    Shoals: Lair:2-4       Orc: D:9-12

Altars:
Ashenzari
Dithmenos
Elyvilon
Hepliaklqana
Makhleb
Nemelex Xobeh
Okawaru
Ru
Trog
Uskayaw
Wu Jian

Shops:
D:6 (   D:9 =

Annotations:
D:2 1 runed door
D:5 Menkaure
D:6 troll!
D:7 Dowan
D:11 Sonja


Message History

The 15-headed hydra barely misses you.
The 15-headed hydra bites you but does no damage.
The 15-headed hydra misses you.
The 15-headed hydra bites you but does no damage. x2
You slice one of the 15-headed hydra's heads off!
The 14-headed hydra grows two more!
You slash the 16-headed hydra!
The 16-headed hydra is almost dead.
Unknown command.
You hack one of the 16-headed hydra's heads off!
The 15-headed hydra grows two more!
You slice the 17-headed hydra!!
The 17-headed hydra is almost dead.
The 17-headed hydra closely misses you.
The 17-headed hydra bites you but does no damage.
The 17-headed hydra bites you!
* * * LOW HITPOINT WARNING * * *
The 17-headed hydra bites you but does no damage. x6
The 17-headed hydra barely misses you. x2
The 17-headed hydra bites you but does no damage. x2
The 17-headed hydra bites you.
You die...

## ####.+####
####.......# ##.#..#
#........# #..#.#
##P.###### ##...##
...# ##...# ##+.###
#.#..### .......
####..+.#.##.......
P......<...+(..>...
#.........@D.......
#..........#.......
#.........#........
..........###.......
.#........# .......
+......... .......
#........# .......
###P.## ##.#..#


You could see a 17-headed hydra.

Vanquished Creatures
  2 two-headed ogres (D:9)
  Pikel (D:9)
  A spiny frog (Lair:2)
  A gargoyle (D:10)
  A rime drake (Lair:3)
  A komodo dragon (Lair:3)
  Prince Ribbit (D:5)
  11 blink frogs
  4 hippogriffs
  4 hogs (D:8)
  2 wyverns
  A human (D:8)
  3 yaks (D:10)
  5 water moccasins
  6 porcupines
  A necrophage (D:8)
  3 orc warriors
  A black bear (Lair:2)
  An eye of draining (D:9)
  8 ogres
  2 centaurs
  3 crocodiles
  2 big kobolds (D:10)
  5 bullfrogs
  A gnoll sergeant (D:10)
  11 scorpions
  5 wights (D:9)
  4 howler monkeys
  A quasit (D:6)
  5 crimson imps
  5 hounds
  8 orc priests
  A jelly (D:9)
  A bullfrog skeleton (D:10)
  5 iguanas
  Natasha (thrice) (D:3)
  10 orc wizards
  11 worker ants
  A hound skeleton (D:6)
  A worker ant zombie (D:5)
  7 gnolls
  9 adders
  3 shadow imps
  An ooze (D:1)
  2 adder skeletons
  3 worms
  A dart slug (D:2)
  7 leopard geckos
  37 orcs
  10 bats
  4 giant cockroaches
  7 goblins
  6 hobgoblins
  4 jackals (D:2)
  14 kobolds
  A quokka (D:5)
  A ball python (D:4)
  A frilled lizard (D:3)
  A jackal skeleton (D:4)
  7 rats
  A fungus (D:2)
  A plant (D:10)
271 creatures vanquished.

Vanquished Creatures (others)
  A fungus (Lair:3)
1 creature vanquished.

Grand Total: 272 creatures vanquished

Notes
Turn   | Place    | Note
-------+----------+-------------------------------------------
     0 | D:1      | tilp the Merfolk Ice Elementalist began the quest for the Orb.
     0 | D:1      | Reached XP level 1. HP: 13/13 MP: 3/3
    79 | D:1      | Found a sparkling altar of Nemelex Xobeh.
   183 | D:1      | Reached XP level 2. HP: 16/19 MP: 0/5
   748 | D:2      | Reached XP level 3. HP: 18/24 MP: 3/6
   761 | D:2      | Learned a level 2 spell: Throw Frost
   765 | D:2      | Learned a level 3 spell: Ozocubu's Armour
   936 | D:2      | Found an ornate altar of the Wu Jian Council.
  1123 | D:2      | Reached skill level 5 in Ice Magic
  1725 | D:2      | Reached XP level 4. HP: 21/30 MP: 0/7
  2035 | D:2      | Found a runed door.
  2297 | D:3      | Found a shadowy altar of Dithmenos.
  2490 | D:3      | Noticed Natasha
  2850 | D:3      | Killed Natasha
  2850 | D:3      | Reached XP level 5. HP: 31/35 MP: 0/8
  2878 | D:3      | Noticed Natasha
  2882 | D:3      | Killed Natasha
  3399 | D:3      | Noticed Natasha
  3406 | D:3      | Killed Natasha
  3916 | D:4      | Found a white marble altar of Elyvilon.
  3924 | D:4      | Reached XP level 6. HP: 28/41 MP: 0/9
  4100 | D:4      | Reached skill level 1 in Fighting
  4408 | D:4      | Found a bloodstained altar of Trog.
  4849 | D:5      | Entered Level 5 of the Dungeon
  4951 | D:5      | Reached XP level 7. HP: 34/52 MP: 2/10
  5125 | D:5      | Found a burning altar of Makhleb.
  5140 | D:5      | Reached skill level 5 in Dodging
  5149 | D:5      | Became a worshipper of Makhleb the Destroyer
  5265 | D:5      | Reached skill level 1 in Evocations
  5288 | D:5      | Noticed Menkaure
  5527 | D:5      | Found a staircase to the Ecumenical Temple.
  5559 | D:5      | Noticed Prince Ribbit
  5959 | D:5      | Found a hazy altar of Hepliaklqana.
  6007 | D:5      | Killed Prince Ribbit
  6007 | D:5      | Reached XP level 8. HP: 43/58 MP: 3/11
  6213 | D:6      | Reached skill level 2 in Polearms
  6283 | D:6      | Reached skill level 4 in Polearms
  6433 | D:6      | Noticed a troll
  6539 | D:5      | Reached skill level 5 in Polearms
  6781 | D:6      | Reached skill level 6 in Polearms
  7082 | D:6      | Reached skill level 7 in Polearms
  7233 | D:6      | Found a sparkling altar of Nemelex Xobeh.
  7344 | D:6      | Reached skill level 8 in Polearms
  7433 | D:6      | Reached * piety under Makhleb
  7593 | D:6      | Found an iron altar of Okawaru.
  7684 | D:6      | Found Icim's Antique Weapon Emporium.
  7829 | D:7      | Reached skill level 9 in Polearms
  7914 | D:7      | Reached XP level 9. HP: 60/63 MP: 10/12
  8207 | D:7      | Reached skill level 10 in Polearms
  8836 | D:7      | Reached skill level 11 in Polearms
  8845 | D:7      | Found a sacrificial altar of Ru.
  8939 | D:7      | Noticed Dowan
  9248 | D:7      | Identified a scroll of acquirement
  9251 | D:7      | Found the +27 Lear's hauberk
  9512 | D:8      | Noticed a dagger
  9512 | D:8      | Found a hide-covered altar of Uskayaw.
  9512 | D:8      | Noticed a hand axe
  9601 | D:8      | Reached skill level 12 in Polearms
  9969 | D:8      | Reached ** piety under Makhleb
 10099 | D:8      | Paralysed by a human for 4 turns
 10106 | D:8      | Paralysed by a human for 2 turns
 10134 | D:8      | Reached skill level 13 in Polearms
 10169 | D:8      | Reached skill level 14 in Polearms
 10169 | D:8      | Reached XP level 10. HP: 70/70 MP: 13/13
 10321 | D:9      | Noticed a two-headed ogre
 10330 | D:9      | Killed a two-headed ogre
 10330 | D:9      | Reached skill level 15 in Polearms
 10350 | D:9      | Found a shattered altar of Ashenzari.
 10489 | D:9      | Found Buschypp's Jewellery Shop.
 10565 | D:9      | Reached skill level 16 in Polearms
 10569 | D:9      | Noticed a two-headed ogre
 10579 | D:9      | Killed a two-headed ogre
 10702 | D:9      | Reached skill level 17 in Polearms
 10804 | D:9      | Noticed Pikel
 10809 | D:9      | Killed Pikel
 10872 | D:9      | Reached XP level 11. HP: 75/75 MP: 7/14
 10902 | D:9      | Reached *** piety under Makhleb
 10985 | D:9      | Found an iron altar of Okawaru.
 11297 | D:10     | Entered Level 10 of the Dungeon
 11322 | D:10     | Reached skill level 18 in Polearms
 11458 | D:10     | Found a staircase to the Lair.
 11867 | D:11     | Noticed Sonja
 11910 | Lair:1   | Entered Level 1 of the Lair of Beasts
 11943 | Lair:1   | Reached skill level 19 in Polearms
 12777 | Lair:2   | Found a hole to the Spider Nest.
 12795 | Lair:2   | Reached **** piety under Makhleb
 12902 | Lair:2   | Reached skill level 20 in Polearms
 13035 | Lair:2   | Reached skill level 1 in Armour
 13436 | Lair:3   | Noticed a five-headed hydra
 13881 | Lair:3   | Reached XP level 12. HP: 57/81 MP: 15/15
 13887 | Lair:3   | Got a sapphire-studded scale mail
 14021 | Lair:3   | HP: 1/81 [17-headed hydra (10)]
 14021 | Lair:3   | Slain by a 17-headed hydra

Vault maps used:
D:1:      dpeg_arrival_connections, nemelex_diamond_rough_becter
D:2:      overflow_temple_1_default, first_ration, corner_web_ring,
          minmay_misc_feat_doors, uniq_crazy_yiuf_cottage
D:3:      grunt_dithmenos_smoke, uniq_natasha
D:4:      elyvilon_altar_5, trog_hazing_becter
D:5:      old_standard_altar, overflow_temple_1_default,
          minmay_temple_entry_junction, makhleb_blood_cavern_becter,
          uniq_prince_ribbit1, uniq_menkaure
D:6:      nemelex_xobeh_ov_fountains_minmay, serial_shops, shop, basic_altar,
          grunt_ministairs_7
D:7:      nicolae_ru_the_path_less_chosen, uniq_duvessa
D:8:      dancing_weapons_uskayaw, grunt_livestock
D:9:      marbit_many_paths, kennysheep_mini_moat, serial_shops,
          nicolae_shop_temple_entry_statues_fountains, uniq_pikel
D:10:     dpeg_oklobed_lair
D:11:     uniq_harold, uniq_sonja, uniq_psyche
Lair:2:   nicolae_spider_entry_non_spiders

Skill      XL: |  1  2  3  4  5  6  7  8  9 10 11 |
---------------+----------------------------------+-----
Ice Magic      | 4 5 6 7 |  7.3
Fighting       | 3 |  3.0
Dodging        | 4 5 |  5.2
Evocations     | 4 |  4.6
Polearms       | 9 14 17 20 | 20.0
Armour         | 3 |  3.9
Stealth        | |  2.1
Spellcasting   | |  2.0
Conjurations   | |  0.7

Action                   |  1- 3 |  4- 6 |  7- 9 | 10-12 || total
-------------------------+-------+-------+-------+-------++-------
Melee: Dagger            |    30 |    70 |   120 |       ||   220
       Mace              |       |    62 |    72 |       ||   134
       Trident           |       |       |   108 |     5 ||   113
       Halberd           |       |       |       |    94 ||    94
       Glaive            |       |       |       |   471 ||   471
Throw: Stone             |       |     3 |       |       ||     3
       Tomahawk          |       |       |     7 |       ||     7
 Cast: Freeze            |    32 |    53 |    93 |       ||   178
       Throw Frost       |     4 |     9 |    23 |       ||    36
       Ozocubu's Armour  |       |    13 |    25 |       ||    38
Evoke: Wand              |       |       |     3 |     2 ||     5
  Use: Scroll            |       |       |    12 |     3 ||    15
 Stab: Sleeping          |     2 |     3 |     2 |       ||     7
       Distracted        |       |     1 |       |       ||     1
  Eat: Chunk             |     3 |    11 |    16 |    13 ||    43
       Ration            |       |     1 |     2 |       ||     3
Armor: Robe              |     8 |    34 |    64 |       ||   106
       Chain mail        |       |       |    68 |   391 ||   459
Dodge: Dodged            |    36 |    92 |   216 |   213 ||   557

Table legend:
 A = Spawn XP
 B = Non-spawn XP
 C = Spawn XP percentage of total XP
 D = Spawn monster count
 E = Non-spawn monster count
 F = Spawn count percentage of total count
 G = Total turns spent on level
                    A         B        C        D         E        F      G
               +---------+---------+-------+---------+---------+-------+---------
         Total |       0 |   18394 |   0.0 |       0 |     269 |   0.0 | 14021
               +---------+---------+-------+---------+---------+-------+---------
           D:1 |       0 |      33 |   0.0 |       0 |      15 |   0.0 |   738
           D:2 |       0 |      50 |   0.0 |       0 |      15 |   0.0 |  1328
           D:3 |       0 |     190 |   0.0 |       0 |      24 |   0.0 |  1919
           D:4 |       0 |     286 |   0.0 |       0 |      20 |   0.0 |   988
           D:5 |       0 |     823 |   0.0 |       0 |      18 |   0.0 |  1433
           D:6 |       0 |     855 |   0.0 |       0 |      22 |   0.0 |  1371
           D:7 |       0 |     810 |   0.0 |       0 |      26 |   0.0 |  1482
           D:8 |       0 |    1937 |   0.0 |       0 |      28 |   0.0 |  1019
           D:9 |       0 |    4585 |   0.0 |       0 |      33 |   0.0 |  1019
          D:10 |       0 |    2201 |   0.0 |       0 |      29 |   0.0 |   611
        Lair:1 |       0 |    1465 |   0.0 |       0 |       6 |   0.0 |   824
        Lair:2 |       0 |    3706 |   0.0 |       0 |      26 |   0.0 |   956
        Lair:3 |       0 |    1453 |   0.0 |       0 |       7 |   0.0 |   331
               +---------+---------+-------+---------+---------+-------+---------
